Map: Echo LE (Void)

Players

Fropez

  • Race: Protoss Protoss
  • League: Gold
  • Spawn Location: 5:00

Jimkins - Winner!

  • Race: Protoss Protoss
  • League: Gold
  • Spawn Location: 11:00

VOD

Have the link to the VOD?

Description

Time

  • Played on: Dec. 12, 2016, 1:16 p.m.
  • Length: 15:48
Show
View Real Time Build Order
Export as new Build Order

Fropez Protoss 

Build Orders:  

Get SALT Encoding   

  12  0:02  Probe (Chrono Boost)  
  13  0:18  Pylon  
  13  0:20  Probe (Chrono Boost)  
  14  0:32  Probe (Chrono Boost)  
  15  0:37  Gateway  
  15  0:39  Gateway  
  16  0:43  Probe (Chrono Boost)  
  16  0:53  Probe (Chrono Boost), Assimilator  
  17  1:04  Probe (Chrono Boost)  
  18  1:14  Probe (Chrono Boost)  
  18  1:15  Pylon  
  19  1:25  Probe (Chrono Boost)  
  20  1:27  Cybernetics Core  
  20  1:32  Assimilator  
  20  1:35  Probe (Chrono Boost)  
  21  1:46  Probe (Chrono Boost)  
  22  1:56  Probe (Chrono Boost)  
  23  2:11  Warp Gate (Chrono Boost)  
  22  2:30  Nexus, Probe (Chrono Boost)  
  23  2:44  Mothership Core (Chrono Boost)  
  23  2:49  Stalker  
  27  2:57  Gateway  
  27  3:03  Pylon  
  27  3:05  Probe  
  26  3:17  Probe  
  27  3:29  Probe  
  27  3:32  Stalker  
  30  3:41  Probe x2  
  32  3:52  Probe  
  32  3:53  Probe  
  34  4:02  Probe  
  33  4:06  Probe  
  35  4:13  Probe  
  36  4:30  Probe  
  36  4:37  Probe  
  37  4:41  Stalker  
  37  4:44  Probe  
  40  4:47  Probe  
  40  4:51  Stalker  
  43  4:56  Probe  
  43  4:58  Probe  
  45  5:05  Pylon x2  
  45  5:08  Probe  
  45  5:09  Pylon  
  45  5:14  Probe  
  46  5:16  Assimilator  
  47  5:27  Probe  
  47  5:35  Assimilator  
  47  5:41  Probe, Gateway  
  46  5:45  Stalker x2  
  46  5:48  Nexus  
  46  5:55  Pylon  
  45  6:02  Probe  
  45  6:03  Probe  
  40  6:12  Probe  
  40  6:15  Pylon, Stalker x2  
  45  6:24  Probe  
  46  6:25  Probe  
  46  6:26  Twilight Council  
  46  6:27  Pylon  
  47  6:35  Pylon  
  47  6:38  Pylon  
  47  6:39  Probe  
  47  6:40  Probe  
  47  6:41  Pylon  
  49  6:50  Stalker  
  49  6:51  Stalker  
  53  6:54  Probe  
  53  6:59  Probe x2  
  56  7:02  Sentry  
  56  7:06  Blink (Chrono Boost)  
  58  7:22  Stalker x2  
  62  7:24  Probe  
  62  7:26  Probe  
  62  7:27  Stalker  
  66  7:30  Probe  
  66  7:34  Assimilator  
  66  7:35  Probe  
  68  7:48  Forge  
  68  7:51  Gateway, Stalker  
  70  8:00  Sentry x2  
  70  8:20  Adept  
  70  8:26  Stalker x2  
  76  8:31  Robotics Facility  
  76  8:32  Robotics Facility  
  76  8:41  Protoss Ground Weapons Level 1 (Chrono Boost)  
  76  8:46  Pylon  
  72  9:05  Pylon  
  72  9:12  Probe x2, Stalker  
  72  9:13  Stalker x3  
  72  9:14  Probe  
  83  9:26  Probe  
  84  9:33  Pylon  
  84  9:41  Probe  
  84  9:42  Probe  
  84  9:43  Probe  
  84  9:45  Forge  
  85  9:46  Forge  
  85  9:54  Stalker x3  
  85  9:56  Probe  
  85  9:57  Probe  
  93  10:00  Observer (Chrono Boost)  
  91  10:07  Pylon  
  91  10:12  Stalker  
  91  10:19  Observer (Chrono Boost)  
  82  10:29  Probe, Stalker x3  
  82  10:30  Protoss Ground Armor Level 1 (Chrono Boost)  
  82  10:31  Probe x2  
  82  10:34  Pylon  
  91  10:36  Pylon  
  91  10:38  Observer (Chrono Boost)  
  91  10:39  Pylon  
  91  10:42  Pylon, Protoss Ground Weapons Level 2 (Chrono Boost)  
  92  10:44  Protoss Shields Level 1 (Chrono Boost)  
  92  10:45  Pylon, Probe  
  92  10:46  Probe x2  
  92  10:49  Pylon  
  85  11:12  Adept x4  
  90  11:35  Assimilator  
  90  11:39  Nexus, Probe  
  91  11:46  Pylon  
  91  11:49  Pylon  
  91  11:52  Pylon  
  85  11:59  Stalker x4  
  93  12:04  Gateway  
  93  12:05  Gateway  
  93  12:21  Protoss Ground Armor Level 2 (Chrono Boost)  
  93  12:24  Stalker x4  
  93  12:29  Photon Cannon  
  96  12:43  Warp Prism  
  91  12:49  Stalker  
  91  12:50  Stalker x3  
  77  13:07  Protoss Ground Weapons Level 3 (Chrono Boost)  
  77  13:08  Protoss Shields Level 2 (Chrono Boost)  
  77  13:11  Templar Archives  
  77  13:15  Stalker x6  
  88  13:38  Probe  
  88  13:40  Probe x3  
  92  13:46  Assimilator  
  92  13:49  Probe  
  92  13:51  Assimilator  
  92  13:52  Probe x2  
  95  14:03  High Templar x4  
  95  14:04  High Templar x2  
  107  14:12  Gateway  
  107  14:13  Gateway  
  107  14:15  Gateway  
  107  14:16  Psionic Storm  
  107  14:20  Pylon  
  107  14:22  Pylon  
  107  14:27  Probe  
  107  14:29  Probe x3  
  111  14:38  High Templar x3, Probe  
  111  14:43  Stalker x3  
  111  14:45  Probe x2  
  126  14:47  Probe  
  123  15:01  Archon x2  
  123  15:02  Archon x2  
  106  15:16  Stalker x3  
  100  15:26  High Templar x3  
  94  15:28  Stalker x2  
Show
View Real Time Build Order
Export as new Build Order

Jimkins Protoss - Winner!

Build Orders:  

Get SALT Encoding   

  12  0:01  Probe (Chrono Boost)  
  13  0:12  Probe (Chrono Boost)  
  14  0:18  Pylon  
  14  0:22  Probe (Chrono Boost)  
  15  0:37  Probe (Chrono Boost)  
  15  0:39  Gateway  
  16  0:46  Assimilator  
  16  0:47  Probe (Chrono Boost)  
  17  0:56  Pylon  
  17  0:58  Probe (Chrono Boost)  
  18  1:10  Forge  
  18  1:14  Probe (Chrono Boost)  
  19  1:20  Assimilator  
  19  1:24  Probe (Chrono Boost)  
  20  1:29  Zealot (Chrono Boost)  
  22  1:38  Pylon  
  22  1:52  Probe  
  22  1:53  Zealot (Chrono Boost)  
  25  2:04  Probe  
  26  2:08  Cybernetics Core  
  25  2:25  Zealot (Chrono Boost)  
  25  2:26  Probe  
  28  2:32  Pylon  
  28  2:49  Zealot (Chrono Boost)  
  30  3:08  Nexus  
  30  3:12  Assimilator  
  28  3:20  Zealot (Chrono Boost)  
  28  3:25  Stargate  
  28  3:38  Mothership Core  
  30  3:43  Pylon  
  30  3:44  Zealot (Chrono Boost)  
  30  3:45  Protoss Air Weapons Level 1  
  32  3:59  Probe  
  33  4:13  Oracle  
  32  4:31  Probe  
  32  4:37  Probe  
  34  4:42  Probe  
  34  4:44  Stalker (Chrono Boost)  
  37  4:49  Probe  
  37  4:52  Probe, Robotics Facility  
  39  5:00  Protoss Shields Level 1  
  39  5:01  Probe  
  39  5:03  Probe  
  41  5:13  Probe x2  
  41  5:24  Probe  
  41  5:25  Probe  
  41  5:34  Probe  
  41  5:37  Probe  
  43  6:08  Probe  
  41  6:11  Stalker (Chrono Boost)  
  41  6:15  Void Ray (Chrono Boost)  
  41  6:18  Probe  
  47  6:23  Pylon  
  48  6:26  Pylon  
  48  6:29  Probe  
  49  6:35  Assimilator  
  49  6:36  Photon Cannon  
  49  6:39  Probe  
  49  6:41  Photon Cannon, Stalker  
  49  6:42  Photon Cannon  
  49  6:45  Probe  
  53  6:50  Probe  
  53  6:53  Observer, Void Ray (Chrono Boost)  
  59  6:54  Protoss Air Armor Level 1  
  59  6:58  Probe  
  59  7:00  Probe  
  61  7:10  Probe  
  61  7:11  Probe, Stalker  
  61  7:13  Stargate  
  61  7:14  Observer  
  66  7:21  Probe  
  67  7:34  Void Ray (Chrono Boost)  
  67  7:35  Warp Prism  
  73  7:48  Stalker  
  75  8:18  Stalker  
  77  8:22  Void Ray (Chrono Boost)  
  81  8:28  Void Ray (Chrono Boost)  
  81  9:00  Void Ray (Chrono Boost)  
  85  9:24  Pylon  
  85  9:26  Pylon  
  85  9:27  Pylon  
  85  9:29  Pylon  
  85  9:30  Pylon  
  85  9:43  Void Ray (Chrono Boost)  
  93  9:48  Void Ray (Chrono Boost)  
  93  9:57  Pylon  
  97  10:00  Pylon, Immortal  
  97  10:02  Pylon  
  97  10:05  Pylon  
  97  10:10  Photon Cannon  
  93  10:14  Photon Cannon  
  93  10:20  Void Ray (Chrono Boost)  
  93  10:31  Void Ray (Chrono Boost)  
  89  10:39  Immortal  
  93  10:45  Nexus  
  93  10:48  Pylon  
  93  10:50  Pylon  
  93  10:52  Pylon  
  93  10:53  Pylon  
  97  10:57  Void Ray (Chrono Boost)  
  97  10:58  Assimilator  
  97  11:00  Assimilator  
  97  11:14  Void Ray (Chrono Boost)  
  101  11:18  Immortal  
  101  11:30  Stargate  
  101  11:32  Photon Cannon  
  101  11:34  Void Ray (Chrono Boost), Photon Cannon  
  101  11:36  Photon Cannon  
  101  11:39  Photon Cannon  
  109  11:57  Void Ray (Chrono Boost)  
  109  11:58  Probe  
  110  12:09  Probe  
  111  12:19  Probe  
  112  12:30  Probe  
  113  12:40  Probe  
  114  12:51  Probe  
  107  13:01  Probe  
  104  13:10  Void Ray (Chrono Boost)  
  104  13:12  Probe  
  116  13:16  Void Ray x2 (Chrono Boost)  
  117  13:23  Probe  
  118  13:33  Probe  
  119  13:44  Probe  
  119  13:48  Void Ray (Chrono Boost)  
  132  13:59  Void Ray x2 (Chrono Boost)  
  132  14:17  Probe  
  133  14:25  Void Ray (Chrono Boost), Immortal  
  133  14:27  Probe  
  133  14:28  Stalker  
  144  14:38  Probe  
  152  14:42  Void Ray x2 (Chrono Boost)  
  152  14:43  Fleet Beacon  
  153  14:58  Stalker  
  155  15:02  Void Ray (Chrono Boost)  
  155  15:04  Immortal  
Tags
 
League
GoldGold
Matchup
PvP
Replay Pack
All Mines
Spawn Locations
Cross Positions
Add a new tag
Caveats
  • Supply blocks, unpowered buildings, or Contaminate may cause inaccurate times.
  • Supply counts are checked every 10 seconds.